 Dungeon Crawl Stone Soup version 0.31.0-4-g52a2dc7128 (webtiles) character file.

Game seed: 1788507363028033450

870 dialectric the Covered (level 7, -2/55 HPs)
             Began as a Demonspawn Fighter on Jan 22, 2024.
             Killed by divine providence
             ... invoked by an orc priest
              (8 damage)
             ... on level 5 of the Dungeon.
             The game lasted 00:05:32 (3663 turns).

dialectric the Covered (Demonspawn Fighter)         Turns: 3663, Time: 00:05:33

Health: -2/55      AC:  8    Str: 18    XL:     7   Next: 73%
Magic:  7/7        EV: 10    Int:  8    God:
Gold:   226        SH:  0    Dex: 13    Spells: 6/6 levels left

rFire   . . .        x - +0 morningstar
rCold   . . .        (no shield)
rNeg    . . .        b - +0 scale mail
rPois   .            (helmet restricted)
rElec   .            (no cloak)
rCorr   .            l - +0 pair of gloves
SInv    .            (no boots)
Will    .....        (no amulet) Stlth
                     (no ring)
HPRegen 0.29/turn    (no ring)
MPRegen 0.10/turn

%: no passive effects
@: no status effects
A: antennae 1, weakness stinger 1, demonic touch 1
a: no special abilities


You were on level 5 of the Dungeon.
You visited 1 branch of the dungeon, and saw 5 of its levels.
You also visited: Sewer.

You collected 226 gold pieces.

Inventory:

Hand Weapons
 m - a +4 hand axe
 q - the +6 short sword of Accidental Termination {antimagic, rC+}
   (You found it on level 3 of the Dungeon)

   rC+:       It protects you from cold.
 x - a +0 morningstar (weapon)
Missiles
 n - 11 poisoned darts (quivered)
Armour
 b - a +0 scale mail (worn)
 j - a +0 helmet
 l - a +0 pair of gloves (worn)
 A - a +0 plate armour
Wands
 z - a wand of paralysis (7)
Scrolls
 e - 4 scrolls of identify {unknown}
 f - a scroll of teleportation {unknown}
 g - a scroll of poison {unknown}
 h - 2 scrolls of immolation {unknown}
 i - a scroll of amnesia {unknown}
 k - 3 scrolls of fear
 r - a scroll of enchant weapon {unknown}
 s - a scroll of brand weapon {unknown}
 v - 2 scrolls of blinking {unknown}
 w - a scroll of vulnerability {unknown}
 y - a scroll of fog {unknown}
Potions
 a - a potion of haste {unknown}
 c - a potion of attraction {unknown}
 d - a potion of heal wounds {unknown}
 o - a potion of brilliance {unknown}
 p - a potion of magic {unknown}
 u - a potion of might


   Skills:
 * Level 4.9 Fighting
 + Level 1.8 Short Blades
 - Level 4.0 Maces & Flails
 * Level 5.2 Armour
 - Level 3.1 Dodging
 + Level 0.6 Stealth
 - Level 2.6 Shields


You had 6 spell levels left.
You didn't know any spells.
Your spell library contained the following spells:

 Spells                   Type           Power      Damage    Failure   Level
 Magic Dart               Conj           0%         1d3       77%         1
 Searing Ray              Conj           0%         2d4       88%         2
 Summon Ice Beast         Ice/Summ       0%         N/A       98%         3
 Animate Dead             Necr           0%         N/A       100%        4
 Fulminant Prism          Conj/Alch      0%         3d5       100%        4
 Borgnjor's Vile Clutch   Necr/Erth      0%         N/A       100%        5
 Summon Mana Viper        Hex/Summ       0%         N/A       100%        5
 Death Channel            Necr           0%         N/A       100%        6
 Monstrous Menagerie      Summ           0%         N/A       100%        7


Dungeon Overview and Level Annotations

Branches:
Dungeon (5/15)              Sewer (visited)
 Temple: D:4-7

Altars:
Dithmenos
Okawaru

Shops:
D:3 (


Innate Abilities, Weirdness & Mutations

You have a pair of small antennae on your head.
You have a small tail.
Your touch may inflict minor irresistible damage on your foes.


Message History

The orc priest calls upon Beogh to heal the orc priest.
The orc priest is healed somewhat.
The orc hits you with a +0 mace. The orc priest hits you with a +0 mace.
* * * LOW HITPOINT WARNING * * *
Unknown command.
You closely miss the orc priest.
The orc priest is severely wounded.
The orc priest looks braver for a moment.
The orc hits you with a +0 mace.
* * * LOW HITPOINT WARNING * * *
The orc priest mumbles some strange prayers to Beogh against you.
Beogh smites you!
* * * LOW HITPOINT WARNING * * *
You puncture the orc priest!
You kill the orc priest!
The orc priest misses you. The orc hits you but does no damage.
Unknown command.
It was a potion of curing.
You feel better. The orc priest completely misses you.
The orc hits you but does no damage.
Unknown command.
You feel better.
The orc priest calls down the wrath of Beogh upon you.
Beogh smites you!
* * * LOW HITPOINT WARNING * * *
The orc hits you with a +0 mace.
* * * LOW HITPOINT WARNING * * *
Unknown command.
Unknown command.
You feel better.
The orc priest hits you with a +0 flail.
* * * LOW HITPOINT WARNING * * *
The orc barely misses you.
You closely miss the orc priest.
You touch the orc priest!
The orc priest is heavily wounded.
The orc priest mumbles some strange prayers to Beogh against you.
You struggle to resist.
The orc hits you with a +0 mace.
* * * LOW HITPOINT WARNING * * *
The orc priest calls down the wrath of Beogh upon you.
Beogh smites you!
You die...

#.....# ######.........
#.....###########.........
#........##.....#.........
#........##.....#........#
#........##.....#........#
#...............#####....#
##..............#####....#
#.......................#
######..@o.###...o......#
#.....o$.##...........#
#.......†##............
#.......†..............
#............#####.....
#######......# #.....
#......# #..... #####'##
#..... #.....


You could see an orc priest and an orc.

Vanquished Creatures
  Sigmund (D:3)
  A water moccasin (D:5)
  A scorpion (D:5)
  A howler monkey (D:5)
  A bombardier beetle (D:4)
  2 orc priests (D:5)
  3 hounds (D:5)
  A jelly (D:5)
  Terence (D:3)
  3 iguanas
  A hell rat (Sewer)
  7 adders
  2 river rats (D:3)
  4 dart slugs
  A ribbon worm (D:3)
  4 orcs
  6 bats
  5 endoplasms
  9 giant cockroaches
  5 goblins
  10 hobgoblins
  A quokka (D:2)
  9 ball pythons
  A frilled lizard (D:1)
  5 kobolds
  15 rats
100 creatures vanquished.

Notes
Turn   | Place    | Note
-------+----------+-------------------------------------------
     0 | D:1      | dialectric the Demonspawn Fighter began the quest for the
                  | Orb.
     0 | D:1      | Reached XP level 1. HP: 18/18 MP: 1/1
   215 | D:1      | Discovered your monstrous ancestry.
   215 | D:1      | Gained mutation: You have a pair of small antennae on your
                  | head. [demonic ancestry]
   215 | D:1      | Reached XP level 2. HP: 24/24 MP: 2/2
   405 | D:1      | Reached skill level 3 in Armour
   896 | D:2      | Reached XP level 3. HP: 29/29 MP: 3/3
   909 | D:2      | Reached skill level 1 in Dodging
  1008 | D:2      | Identified the +0 leather armour of Gauwuacs {rN+ rCorr
                  | Dex+2 Slay-5}
  1158 | D:2      | Reached XP level 4. HP: 35/35 MP: 4/4
  1297 | D:2      | Found a faded altar of an unknown god.
  1561 | D:3      | Found Woceapn's Weapon Shop.
  1568 | D:3      | Noticed Terence
  1586 | D:3      | Killed Terence
  1587 | D:3      | Gained mutation: Your touch may inflict minor irresistible
                  | damage on your foes. [demonic ancestry]
  1587 | D:3      | Reached XP level 5. HP: 20/41 MP: 5/5
  1691 | D:3      | Noticed Sigmund
  1700 | D:3      | Killed Sigmund
  1701 | D:3      | Reached skill level 4 in Armour
  1701 | D:3      | Reached XP level 6. HP: 47/48 MP: 6/6
  1872 | D:3      | Identified the +6 short sword of Accidental Termination
                  | {antimagic, rC+}
  1964 | D:3      | Found a glowing drain.
  1969 | Sewer    | Entered a sewer
  2461 | D:4      | Found an iron altar of Okawaru.
  3069 | D:5      | Entered Level 5 of the Dungeon
  3257 | D:5      | Reached skill level 1 in Short Blades
  3257 | D:5      | Gained mutation: You have a small tail. [demonic ancestry]
  3257 | D:5      | Reached XP level 7. HP: 52/54 MP: 7/7
  3342 | D:5      | Found a shadowy altar of Dithmenos.
  3481 | D:5      | Reached skill level 5 in Armour
  3658 | D:5      | HP: 1/55 [orc priest/divine providence (11)]
  3663 | D:5      | Killed from afar by an orc priest

Illustrated notes

Levels and vault maps discovered:
D:1:      ebering_trefoil_3fold, layout_basic
D:2:      layout_rooms, serial_forest, infiniplex_forest_lined_corner,
          infiniplex_forest_clump_tiny, infiniplex_forest_lined_3_way,
          infiniplex_forest_lined_room_, infiniplex_forest_lined_1,
          infiniplex_forest_end_2, infiniplex_forest_lined_corner,
          infiniplex_forest_clump_curved, infiniplex_forest_zigzag_2,
          nicolae_ecumenical_snake_handling
D:3:      layout_rooms, serial_shops, shop, portal_sewer_entry_e,
          minmay_misc_feat_chi, uniq_terence, uniq_sigmund
D:4:      layout_loops_ring, tso_metal_star, okawaru_metal_pillars_3,
          minmay_misc_feat_roman, nicolae_twisty_statue_hallways
D:5:      layout_basic, grunt_dithmenos_smoke_and_mirrors,
          minmay_tree_intersection

Skill      XL: |  1  2  3  4  5  6  7 |
---------------+----------------------+-----
Armour         | 3 4 5 |  5.2
Maces & Flails | 2 3 4 |  4.0
Dodging        | 1 2 3 |  3.1
Fighting       | 4 |  4.9
Short Blades   | 1 |  1.8
Stealth        | |  0.6
Shields        | |  2.6

Action                     |  1- 3 |  4- 6 |  7- 9 || total
---------------------------+-------+-------+-------++-------
  Melee: Flail             |   121 |    70 |       ||   191
         Touch             |       |    18 |     4 ||    22
         Short sword       |       |    49 |       ||    49
         Morningstar       |       |    24 |    32 ||    56
         Punch             |       |     1 |     1 ||     2
         Tailslap          |       |       |     5 ||     5
    Use: Potion            |       |     1 |     3 ||     4
         Scroll            |       |     1 |       ||     1
 Armour: Scale mail        |    96 |   129 |    29 ||   254
  Dodge: Dodged            |    79 |   103 |    22 ||   204
